cohdb
Replays
Latest Replays
All Replays
Popular Replays
Top Player Replays
Match Explorer
How It Works
Community
CoH3 Stats
Reddit
Sign in to upload your games and track your stats! →
Sign in with Steam
Match 41695581
Unlisted
Match 41695581
Overview
Messages
Build Orders
End
Royal Engineer Section
Construct Section Command Post
Dingo Light Scout Car
Selects Heavy Armor Battlegroup
Infantry Section
Infantry Section
Infantry Section
Construct Platoon Command Post
Humber Armored Car
Selects Rigorous Vehicle Training
Selects Forward Repair Assembly
Grenade Package
ML 3-inch Mortar Team
CMP 15cwt Truck
6-pounder Anti-tank Gun Team
Construct Company Command Post
Foot Guards Section
Crusader II Medium Tank
Crusader II Medium Tank
6-pounder Anti-tank Gun Team
Infantry Section
Selects Churchill Black Prince Heavy Tank
Churchill Black Prince Heavy Tank
DrewP
Dillbro
SKOBADARK
RAisedBeast
0
0
Comments
sign in to comment!
No comments posted yet!